 Dungeon Crawl Stone Soup version 0.23.2-1-ga50397a (webtiles) character file.

Game seed: 16053273634731840629

60 Iscandelvey the Vexing (level 3, -1/26 HPs)
             Began as a Demonspawn Arcane Marksman on Apr 17, 2019.
             Slain by an adder (4 damage)
             ... on level 1 of the Dungeon.
             The game lasted 00:11:30 (3012 turns).

Iscandelvey the Vexing (Demonspawn Arcane Marksman) Turns: 3012, Time: 00:11:31

Health: -1/26      AC:  4    Str: 10    XL:     3   Next: 80%
Magic:  2/5        EV: 12    Int: 15    God:
Gold:   84         SH:  0    Dex: 13    Spells: 2/5 levels left

rFire    + . .     SeeInvis .   g - -3 whip (curse)
rCold    . . .     Gourm    .   (no shield)
rNeg     . . .     Faith    .   p - +0 leather armour {rF+}
rPois    .         Spirit   .   (helmet restricted)
rElec    .         Reflect  .   (no cloak)
rCorr    .         Harm     +   (no gloves)
MR       .....                  c - +0 pair of boots
Stlth    +.........             o - amulet of harm
HPRegen  0.08/turn              (no ring)
MPRegen  0.09/turn              (no ring)

@: no status effects
A: antennae 1, powered by death 1
a: no special abilities


You were on level 1 of the Dungeon.
You were hungry.

You visited 1 branch of the dungeon, and saw 3 of its levels.

You collected 84 gold pieces.

Inventory:

Hand Weapons
 a - a +0 hand crossbow
 g - a cursed -3 whip (weapon)
Missiles
 d - 33 bolts
 u - 6 tomahawks (quivered)
Armour
 c - a +0 pair of boots (worn)
 e - a +0 robe
 l - a +0 helmet
 p - a +0 leather armour of fire resistance (worn)
Jewellery
 o - an amulet of harm (around neck)
 v - an uncursed ring of positive energy
Scrolls
 h - a scroll of blinking
 i - 4 scrolls of teleportation
 n - a scroll of enchant weapon {unknown}
 q - 2 scrolls of remove curse {unknown}
 r - a scroll of enchant armour
 s - 2 scrolls of amnesia {unknown}
 t - a scroll of identify
 x - a scroll of magic mapping {unknown}
Potions
 b - a potion of curing {unknown}
 j - 2 potions of might {unknown}
 k - a potion of mutation {unknown}
 m - a potion of haste {unknown}
 w - a potion of lignification {unknown}
Comestibles
 f - 3 rations


   Skills:
 - Level 1.0 Fighting
 * Level 2.5 Crossbows
 + Level 2.2 Dodging
 * Level 1.9 Spellcasting
 - Level 3.4 Hexes


You had 2 spell levels left.
You knew the following spells:

 Your Spells              Type           Power        Failure   Level  Hunger
a - Corona                Hex            ##.....      8%          1    ##.....
b - Slow                  Hex            ##......     11%         2    ###....

Your spell library contained the following spells:

 Spells                   Type           Power        Failure   Level  Hunger
 Inner Flame              Hex/Fire       #.......     41%         3    ####...
 Portal Projectile        Hex/Tloc       #.....       41%         3    ####...
 Cause Fear               Hex            ##........   58%         4    #####..
 Leda's Liquefaction      Hex/Erth       #.........   83%         4    #####..


Dungeon Overview and Level Annotations

Branches:
Dungeon (3/15)

Altars:
Gozag

Annotations:
D:2 Natasha


Innate Abilities, Weirdness & Mutations

You have a pair of small antennae on your head.
You regenerate a little health from kills.


Message History

The adder closely misses you. The adder barely misses you.
The adder closely misses you. The adder bites you.
The adder closely misses you. The adder bites you.
* * * LOW HITPOINT WARNING * * *
The adder barely misses you. The adder misses you. The adder bites you.
* * * LOW HITPOINT WARNING * * *
The adder closely misses you.
Casting: Slow (safe; 11% risk of failure)
Confirm with . or Enter, or press ? or * to list all spells.
Aiming: Slow (safe; 11% risk of failure)
Press: ? - help, Shift-Dir - straight line, f - adder
Aim: an adder (chance to defeat MR: 55%)
The adder resists with significant effort.
The adder closely misses you. The adder bites you.
You die...

######....#.#(..# #....
#........##...#######.##.
#............####.....##.
#.............รท...#...##.
########..##.###.##...##.
#........##...#......#..
#.......#####...##.....#
#.......##...........###
#......@##...........#
#......S##...........###
#.......##...........##.
#.......#....)...######.
#.......#.#.....## ##.
######..........## #..
#...........# #.#
###...#.......#####..
########....................


You could see an adder.

Vanquished Creatures
  An adder (D:3)
  2 oozes (D:1)
  A dart slug (D:1)
  An orc (D:3)
  A giant cockroach (D:1)
  9 hobgoblins
  4 bats
  4 frilled lizards
  6 goblins
  2 kobolds
  9 rats
40 creatures vanquished.

Notes
Turn   | Place    | Note
-------+----------+-------------------------------------------
     0 | D:1      | Iscandelvey the Demonspawn Arcane Marksman began the quest
                  | for the Orb.
     0 | D:1      | Reached XP level 1. HP: 15/15 MP: 2/2
    22 | D:1      | Gained mutation: You regenerate a little health from kills.
                  | [demonic ancestry]
    22 | D:1      | Reached XP level 2. HP: 21/21 MP: 3/3
   853 | D:1      | Learned a level 2 spell: Slow
  1010 | D:1      | Gained mutation: You have a pair of small antennae on your
                  | head. [demonic ancestry]
  1010 | D:1      | Reached XP level 3. HP: 16/26 MP: 0/5
  1429 | D:2      | Found an opulent altar of Gozag.
  1833 | D:2      | Noticed Natasha
  3012 | D:1      | Slain by an adder

Skill      XL: |  1  2 |
---------------+-------+-----
Crossbows      | 2 |  2.5
Dodging        | 2 |  2.2
Fighting       | |  1.0
Spellcasting   | |  1.9
Hexes          | |  3.4

Action                   || total
-------------------------++-------
Melee: Whip              ||   280
 Fire: Hand crossbow     ||     6
Throw: Tomahawk          ||     5
 Cast: Slow              ||    27
       Corona            ||     6
  Use: Scroll            ||     3
       Potion            ||     2
  Eat: Chunk             ||     5
       Ration            ||     1
Armor: Robe              ||    50
       Leather armour    ||    31
Dodge: Dodged            ||   199
